AoeStats
← marko.cro

Arena

506418590Analyzed
2v2 RM · 18d ago on Sep 13, 2026· 47m 37s· 4 players
Game mode
Random Map
Map size
Medium (4 player)
Population
200
Speed
Normal
Resources
Standard
Victory
Conquest
Starting age
Dark Age
Ending age
Imperial Age
RankedLock teamsTeams togetherTeam positionsShared explorationLock speedFull tech treeHidden civsTurbo modeCheats
Victory
Defeat
🇭🇷 Turks · Croatia
961
+14
🇭🇷 Muisca · Croatia
944
+15
🇩🇪 Persians · Germany
971
-16
🇩🇪 Bengalis · Germany
874
-13
Osten1104
10:22 Feudal Age
15:54 Castle Age
14:16 Double-Bit Axe
22:22 Horse Collar
23:20 Bow Saw
25:24 Elite Skirmisher
26:42 Husbandry
37:09 Fletching
37:22 Padded Archer Armor
38:34 Thumb Ring
40:48 Leather Archer Armor
40:30 Bodkin Arrow
41:31 Wheelbarrow
Bolle
0:27 Loom
10:47 Feudal Age
17:31 Castle Age
39:39 Fletching
40:04 Fortified Wall
41:18 Bodkin Arrow
marko.cro
0:33 Loom
12:43 Feudal Age
13:09 Horse Collar
13:15 Double-Bit Axe
14:08 Wheelbarrow
14:30 Gold Mining
16:09 Stone Mining
16:37 Champi Runner
19:51 Castle Age
18:22 Scale Mail Armor
22:08 Hand Cart
23:37 Squires
24:00 Town Watch
25:22 Champi Warrior
27:13 Heavy Plow
27:25 Bow Saw
28:22 Forging
28:28 Chain Mail Armor
29:07 Fletching
29:52 Iron Casting
30:22 Pikeman
32:27 Murder Holes
33:22 Thumb Ring
36:41 Gold Shaft Mining
36:10 Padded Archer Armor
38:01 Town Patrol
41:32 Imperial Age
39:00 Bodkin Arrow
39:21 Leather Archer Armor
39:28 Ballistics
40:41 Masonry
42:29 Bracer
43:00 Plate Mail Armor
41:53 Elite Champi Warrior
44:58 Crop Rotation
45:14 Conscription
47:21 Chemistry
46:06 Treadmill Crane
46:33 Siege Engineers
46:17 Elite Temple Guard
Mr.q
13:22 Feudal Age
14:39 Gold Mining
17:00 Castle Age
15:38 Double-Bit Axe
21:32 Imperial Age
21:57 Padded Archer Armor
22:39 Gold Shaft Mining
36:33 Stone Mining
36:28 Horse Collar
38:03 Fervor
38:15 Sanctity
38:10 Loom
39:02 Wheelbarrow
38:40 Bow Saw
38:42 Heavy Plow
40:20 Town Watch
40:52 Hand Cart
41:16 Leather Archer Armor
40:53 Fletching
44:51 Two-Man Saw
45:21 Bodkin Arrow
45:57 Ring Archer Armor
45:38 Forging
46:40 Conscription
Connection lost

Rejoining the realm…

Still unreachable

The connection could not be restored.

Session expired

The server has moved on; the page needs a fresh start.